 Dungeon Crawl Stone Soup version 0.28.0-45-g0d030f2227 (webtiles) character file.

Game seed: 18381754716205636330

364 Eitelfritz the Chopper (level 6, -3/84 HPs)
             Began as a Hill Orc Fighter on Apr 12, 2022.
             Slain by Duvessa
             ... wielding a +0 short sword
              (10 damage)
             ... on level 4 of the Dungeon.
             The game lasted 00:06:15 (2479 turns).

Eitelfritz the Chopper (Hill Orc Fighter)           Turns: 2479, Time: 00:06:16

Health: -3/84      AC:  8    Str: 21    XL:     6   Next: 67%
Magic:  6/6        EV:  9    Int: 14    God:
Gold:   25         SH:  5    Dex: 10    Spells: 5/5 levels left

rFire   . . .      SeeInvis .   a - +1 war axe
rCold   . . .      Faith    .   c - +1 buckler
rNeg    . . .      Spirit   .   b - +0 scale mail
rPois   .          Reflect  .   (no helmet)
rElec   .          Harm     .   (no cloak)
rCorr   .          Rampage  .   (no gloves)
Will    ++...                   j - +0 pair of boots
Stlth   ..........              (no amulet)
HPRegen 0.24/turn               h - ring "Isooke" {Will+ Int+6}
MPRegen 0.10/turn               p - ring of willpower

@: berserking, very quick
A: no striking features
a: no special abilities


You were on level 4 of the Dungeon.
You visited 1 branch of the dungeon, and saw 4 of its levels.

You collected 81 gold pieces.
You spent 56 gold pieces at shops.

Inventory:

Hand Weapons
 a - a +1 war axe (weapon)
 d - a +0 morningstar
Missiles
 m - 5 poisoned darts (quivered)
Armour
 b - a +0 scale mail (worn)
 c - a +1 buckler (worn)
 j - a +0 pair of boots (worn)
Jewellery
 h - the ring "Isooke" (left hand) {Will+ Int+6}
   (You found it on level 2 of the Dungeon)

   [ring of intelligence]

   Int:       It affects your intelligence (+6).
   Will:      It increases your willpower.
 p - a ring of willpower (right hand)
Potions
 e - 3 potions of brilliance
 g - a potion of flight {unknown}
 i - a potion of ambrosia {unknown}
 k - 2 potions of mutation {unknown}


   Skills:
 + Level 5.3 Fighting
 + Level 5.8 Axes
 + Level 4.9 Armour
 + Level 0.6 Dodging
 + Level 0.3 Stealth
 + Level 3.9 Shields


You had 5 spell levels left.
You didn't know any spells.
Your spell library contained the following spells:

 Spells                   Type           Power      Damage    Failure   Level
 Wereblood                Tmut           0%         N/A       83%         2
 Ignite Poison            Fire/Tmut/Pois 0%         N/A       96%         3
 Iskenderun's Mystic Bla  Conj/Tloc      0%         2d3       100%        4
 Passage of Golubria      Tloc           0%         N/A       100%        4


Dungeon Overview and Level Annotations

Branches:
Dungeon (4/15)
 Temple: D:4-7

Altars:
Sif Muna
Trog

Shops:
D:2 *

Annotations:
D:4 Duvessa


Message History

You start resting.
HP restored.
m - a poisoned dart You see here the +1 leather armour of the Gate {rPois rCorr}.
m - 4 poisoned darts (gained 3)
m - 5 poisoned darts (gained 1)
You pick up Sif Muna's Handbook of Transmutation and begin reading...
You add the spell Wereblood to your library.
There is a shimmering blue altar of Sif Muna here.
There is an empty arch of ancient stone here.
Duvessa, Sister of Dowan comes into view.
She is wielding a +0 short sword.
Found a runed war axe.
Found a bloodstained altar of Trog.
Duvessa shouts!
Duvessa goes berserk!
Duvessa barely misses you.
You closely miss Duvessa. Duvessa hits you with a +0 short sword.
Duvessa closely misses you.
You hit Duvessa.
Duvessa is lightly wounded.
Duvessa hits you with a +0 short sword. Duvessa hits you with a +0 short sword!
A red film seems to cover your vision as you go berserk!
You feel yourself moving faster!
You feel mighty! Duvessa hits you with a +0 short sword!
Duvessa hits you with a +0 short sword.
You slice Duvessa!!
Duvessa is heavily wounded.
Duvessa hits you with a +0 short sword!
* * * LOW HITPOINT WARNING * * *
You closely miss Duvessa.
Duvessa is heavily wounded.
Duvessa hits you with a +0 short sword!
* * * LOW HITPOINT WARNING * * *
You slash Duvessa!
Duvessa is severely wounded.
Duvessa closely misses you. Duvessa completely misses you.
You slice Duvessa!!
Duvessa is almost dead.
You block Duvessa's attack.
You closely miss Duvessa.
Duvessa is almost dead.
Duvessa hits you with a +0 short sword!
You die...

##..............#.).....######
......####......[.......#
#####.. #.##...#.......# ##.
###...##....#### ##
##...#####..# ##...##._.#..#
##...###.).#..# ##...#∩#...#
### #...###@..# #._.##e..##
#####...## #...## #...# .....
######


You could see Duvessa (berserk).

Vanquished Creatures
  Sigmund (D:3)
  Dowan (D:4)
  A hound (D:4)
  Terence (D:3)
  An orc wizard (D:3)
  A hound skeleton (D:3)
  2 adders
  A worm (D:3)
  A dart slug (D:2)
  5 orcs
  3 endoplasms
  3 giant cockroaches
  4 goblins
  4 hobgoblins
  3 quokkas
  4 ball pythons
  2 bats
  A frilled lizard (D:2)
  A kobold (D:4)
  2 rats
42 creatures vanquished.

Notes
Turn   | Place    | Note
-------+----------+-------------------------------------------
     0 | D:1      | Eitelfritz the Hill Orc Fighter began the quest for the
                  | Orb.
     0 | D:1      | Reached XP level 1. HP: 19/19 MP: 1/1
   195 | D:1      | Reached XP level 2. HP: 27/27 MP: 2/2
   481 | D:2      | Identified the ring "Isooke" {Will+ Int+6}
   488 | D:2      | Got the Handbook of Warped Venom
   498 | D:2      | Reached XP level 3. HP: 33/33 MP: 3/3
   922 | D:2      | Found Cugir's Assorted Antiques.
   932 | D:2      | Bought a scroll labelled ITYUGG COR QIN for 28 gold pieces
  1349 | D:3      | Noticed Sigmund
  1362 | D:3      | Killed Sigmund
  1363 | D:3      | Reached skill level 5 in Axes
  1363 | D:3      | Reached XP level 4. HP: 33/41 MP: 4/4
  1363 | D:3      | Reached XP level 5. HP: 38/47 MP: 5/5
  1436 | D:3      | Noticed Terence
  1447 | D:3      | Killed Terence
  1448 | D:3      | Reached XP level 6. HP: 19/53 MP: 6/6
  1699 | D:3      | You fall into a shaft and drop 1 floor!
  1708 | D:4      | Noticed Dowan
  1710 | D:4      | Found a shimmering blue altar of Sif Muna.
  1871 | D:3      | Found a faded altar of an unknown god.
  2142 | D:2      | Bought a scroll labelled LOGHIRCH SOMOGH for 28 gold pieces
  2370 | D:4      | Killed Dowan
  2371 | D:4      | Reached skill level 5 in Fighting
  2452 | D:4      | Identified the +1 leather armour of the Gate {rPois rCorr}
  2465 | D:4      | Got Sif Muna's Handbook of Transmutation
  2471 | D:4      | Found a bloodstained altar of Trog.
  2471 | D:4      | Noticed Duvessa
  2479 | D:4      | Slain by Duvessa

Illustrated notes

Levels and vault maps discovered:
D:1:      wander_arrival_desolate, layout_rooms
D:2:      layout_loops_cross, serial_shops, nicolae_lakefront_shop,
          kennysheep_generic_room_5
D:3:      layout_basic, chequers_ecumenical_altar_simple, serial_park_tiny_pond,
          uniq_sigmund, uniq_terence
D:4:      layout_rooms, nzn_overflow_gifts_of_might_and_magic,
          beargit_hepliaklqana_dungeon_heroes, minmay_temple_entry_mist

Skill      XL: |  1  2  3  4  5  6 |
---------------+-------------------+-----
Fighting       | 4 5 |  5.3
Axes           | 3 5 |  5.8
Armour         | 4 |  4.9
Dodging        | |  0.6
Stealth        | |  0.3
Shields        | |  3.9

Action                   |  1- 3 |  4- 6 || total
-------------------------+-------+-------++-------
Melee: War axe           |    62 |    63 ||   125
Throw: Dart              |       |     5 ||     5
  Use: Potion            |     1 |     1 ||     2
       Scroll            |       |     7 ||     7
Armor: Scale mail        |    21 |    22 ||    43
Dodge: Dodged            |    29 |    22 ||    51
Block: Buckler           |    20 |    12 ||    32
